 Dungeon Crawl Stone Soup version 0.19-a0-36-g4a0968a (webtiles) character file.

457 ololoev the Magician (level 6, 0/32 HPs)
             Began as a Deep Elf Fire Elementalist on May 4, 2016.
             Succumbed to a worker ant's poison
             ... on level 4 of the Dungeon.
             The game lasted 00:07:31 (2976 turns).

ololoev the Magician (Deep Elf Fire Elementalist)   Turns: 2976, Time: 00:07:32

Health: 0/32       AC:  7    Str:  5    XL:     6   Next: 77%
Magic:  26/26      EV: 13    Int: 22    God:
Gold:   239        SH:  0    Dex: 15    Spells: 4 memorised, 4 levels left

rFire  . . .     SeeInvis .     (no weapon)
rCold  . . .     Gourm    .     a - +0 robe
rNeg   + . .     Faith    .     (no shield)
rPois  .         Spirit   .     i - +2 hat
rElec  .         Dismiss  .     (no cloak)
rCorr  .         Reflect  .     y - +2 pair of gloves
SustAt .         Harm     .     (no boots)
MR     .....                    (no amulet)
Stlth  ++........               u - ring of magical power
                                z - ring of positive energy

@: lethally poisoned (0 -> -12), very slightly contaminated, not resistant to
hostile enchantments, unstealthy
A: no striking features
a: no special abilities

Inventory:

Armour
 a - a +0 robe (worn)
 i - a +2 hat (worn)
 y - a +2 pair of gloves (worn)
Jewellery
 u - a ring of magical power (right hand)
 z - a ring of positive energy (left hand)
Scrolls
 f - a scroll of amnesia {unknown}
 h - a scroll of recharging {unknown}
 j - 5 scrolls of identify {unknown}
 k - 2 scrolls of blinking {unknown}
 l - 2 scrolls of enchant weapon {unknown}
 m - 2 scrolls of remove curse {unknown}
 n - 3 scrolls of teleportation {unknown}
 p - 2 scrolls of fog {unknown}
 s - 2 scrolls of magic mapping {unknown}
Potions
 e - 2 potions of might {unknown}
 g - a potion of magic
 o - 4 potions of degeneration {unknown}
 q - 2 potions of lignification {unknown}
 v - a potion of mutation {unknown}
 x - 2 potions of curing {unknown}
Books
 b - a book of Flames

   Spells                             Type                      Level
   a - Flame Tongue                   Conjuration/Fire             1
   b - Throw Flame                    Conjuration/Fire             2
   c - Conjure Flame                  Conjuration/Fire             3
   d - Inner Flame                    Hexes/Fire                   3
   e - Sticky Flame                   Conjuration/Fire             4
   f - Fireball                       Conjuration/Fire             5
Comestibles
 c - 3 bread rations
 d - 3 slices of pizza
 r - 7 chunks of flesh
 t - 2 meat rations


   Skills:
 - Level 2.4 Dodging
 - Level 2.4 Stealth
 * Level 6.2 Spellcasting
 * Level 4.5 Conjurations
 * Level 5.4 Fire Magic


You had 4 spell levels left.
You knew the following spells:

 Your Spells              Type           Power        Failure   Level  Hunger
a - Flame Tongue          Conj/Fire      ####.        1%          1    None
b - Conjure Flame         Conj/Fire      ####....     3%          3    #......
c - Sticky Flame          Conj/Fire      ####....     12%         4    ###....
d - Fireball              Conj/Fire      ####......   34%         5    #####..


You were on level 4 of the Dungeon.
You were not hungry.

You visited 1 branch of the dungeon, and saw 4 of its levels.

You collected 239 gold pieces.

#........o..##...##.
###...<.o.............
#.....##...#.....####.
##...####.........# ##
#..#####..o....#..#####
#####..###...o.##.###......
#.....##....o..##.# #..^...
#.###.##.#.a......###......
##.# #.##.#@##..#...........
###..###......##..######......
#.....#..###.###..## #......
#........###.......# #......
#.....#..##.[.......# #......
#.......†............# #......
#####...##............##.....#
##..###..........).........
##..## ##.........#..#.....#

Notes
Turn   | Place    | Note
--------------------------------------------------------------
     0 | D:1      | ololoev the Deep Elf Fire Elementalist began the quest for the Orb.
     0 | D:1      | Reached XP level 1. HP: 10/10 MP: 6/6
   427 | D:1      | Reached XP level 2. HP: 13/15 MP: 0/8
  1010 | D:2      | Reached XP level 3. HP: 19/19 MP: 0/10
  1015 | D:2      | Learned a level 3 spell: Conjure Flame
  1159 | D:2      | Found a blossoming altar of Fedhas.
  1169 | D:2      | Found a burning altar of Makhleb.
  1301 | D:2      | Noticed Terence
  1323 | D:2      | Killed Terence
  1323 | D:2      | Reached skill level 4 in Spellcasting
  1323 | D:2      | Reached XP level 4. HP: 16/24 MP: 0/12
  1763 | D:3      | Noticed Ijyb
  1790 | D:2      | Learned a level 4 spell: Sticky Flame
  1822 | D:3      | Killed Ijyb
  2201 | D:3      | Reached XP level 5. HP: 25/28 MP: 14/14
  2227 | D:3      | Learned a level 5 spell: Fireball
  2385 | D:3      | Found a burning altar of Makhleb.
  2387 | D:3      | crauler: клан уже забит?
  2392 | D:3      | ololoev: да
  2490 | D:3      | crauler: =\
  2496 | D:3      | Reached skill level 5 in Spellcasting
  2497 | D:3      | ololoev: на удивление быстро
  2497 | D:3      | ololoev: часа за 4 забился
  2685 | D:4      | Noticed an ogre
  2689 | D:4      | Killed an ogre
  2689 | D:4      | Reached skill level 5 in Fire Magic
  2689 | D:4      | Reached XP level 6. HP: 27/32 MP: 14/16
  2807 | D:4      | Reached skill level 6 in Spellcasting
  2975 | D:4      | HP: 1/32 [orc priest/divine providence (14)]
  2976 | D:4      | Succumbed to a worker ant's poison

Dungeon Overview and Level Annotations

Branches:
Dungeon (4/15)
 Temple: D:4-7

Altars:
Fedhas
Makhleb


Message History

A worker ant is nearby!
A worker ant is nearby!
A worker ant is nearby!
The worker ant twitches its antennae in your direction.
An orc and an orc priest come into view.
An orc comes into view.
The orc shouts!
Casting: Flame Tongue
Confirm with . or Enter, or press ? or * to list all spells.
Aiming: Flame Tongue
Press: ? - help, Shift-Dir - straight line, f - worker ant
Aim: a worker ant The flame tongue hits the worker ant.
The worker ant appears unharmed.
The orc priest shouts!
Casting: Flame Tongue
Confirm with . or Enter, or press ? or * to list all spells.
Aiming: Flame Tongue
Press: ? - help, Shift-Dir - straight line, f/p - worker ant
Aim: a worker ant The flame tongue hits the worker ant.
The worker ant is heavily wounded.
The worker ant closely misses you.
An orc comes into view. It is wielding a trident.
Casting: Flame Tongue
Confirm with . or Enter, or press ? or * to list all spells.
The spell is very dangerous to cast!
Continue anyway?
Aiming: Fireball
Press: ? - help, Shift-Dir - straight line, f - orc, p - worker ant
Aim: an orc, wearing a leather armour You miscast Fireball.
You are very lightly contaminated with residual magic.
The air around you burns with energy!
The orc shouts!
The worker ant bites you.
You are poisoned.
The worker ant poisons you!
Casting: Fireball
Confirm with . or Enter, or press ? or * to list all spells.
The spell is very dangerous to cast!
Continue anyway?
Aiming: Fireball
Press: ? - help, Shift-Dir - straight line, f/p - orc
Aim: an orc, wearing a leather armour The fireball explodes!
The fireball engulfs the orc.
The orc is moderately wounded.
The fireball engulfs the orc priest.
The orc priest is severely wounded.
The fireball engulfs the orc.
You kill the orc!
You feel sick. The worker ant barely misses you.
An orc comes into view. It is wielding a dagger.
Unknown command.
Unknown command.
You feel sick.
You feel sick.
Casting: Fireball
Confirm with . or Enter, or press ? or * to list all spells.
Aiming: Flame Tongue
Press: ? - help, Shift-Dir - straight line, f/p - orc
Aim: an orc, wearing a leather armour (moderately wounded)
The flame tongue hits the worker ant.
The worker ant is severely wounded.
The worker ant bites you.
You are more poisoned.
The worker ant poisons you!
The orc priest calls down the wrath of Beogh upon you.
Beogh smites you! The worker ant barely misses you.
Casting: Flame Tongue
Confirm with . or Enter, or press ? or * to list all spells.
Aiming: Flame Tongue
Press: ? - help, Shift-Dir - straight line, f/p - orc
Aim: an orc, wearing a leather armour (moderately wounded)
The flame tongue hits the worker ant.
The worker ant is severely wounded.
You feel sick. The worker ant closely misses you.
The orc priest calls down the wrath of Beogh upon you.
Beogh smites you!
The orc shouts!
Drink which item? (? for menu, Esc to quit)
It was a potion of magic.
Magic courses through your body.
You die...

You could see a worker ant, an orc priest and 3 orcs.

Vanquished Creatures
  An ogre (D:4)
  A hound (D:3)
  An orc priest (D:4)
  An orc wizard (D:4)
  A centaur skeleton (D:4)
  Ijyb (D:3)
  2 worker ants (D:4)
  Terence (D:2)
  10 adders
  An ooze (D:1)
  A worm (D:4)
  3 orcs
  2 giant cockroaches
  7 goblins
  10 hobgoblins
  2 quokkas (D:2)
  A ball python (D:3)
  4 bats
  6 giant newts
  7 kobolds
  12 rats
75 creatures vanquished.

Action                   |  1- 3 |  4- 6 || total
-------------------------+-------+-------++-------
Melee: Unarmed           |    29 |     3 ||    32
 Cast: Flame Tongue      |    59 |    85 ||   144
       Sticky Flame      |       |     3 ||     3
       Conjure Flame     |       |     2 ||     2
       Fireball          |       |     3 ||     3
  Use: Potion            |       |     1 ||     1
  Eat: Chunk             |     1 |     7 ||     8
Armor: Robe              |    15 |     9 ||    24
Dodge: Dodged            |    29 |    31 ||    60

Vault maps used:
D:1:      mushboom_english_gardens, st_stairs_7
D:2:      grunt_temple_overflow_open, first_bread, grunt_decor_cap,
          minmay_misc_feat_x, uniq_terence
D:3:      makhleb_blood_cavern_becter, uniq_iyjb
D:4:      grunt_qazlal_sundering, minivault_26
